 Dungeon Crawl Stone Soup version 0.30-a0-691-g754fce4c43 (webtiles) character file.

Game seed: 12817416474807567603

325 Darius099 the Trooper (level 6, -2/40 HPs)
             Began as a Gargoyle Fighter on Jan 19, 2023.
             Slain by a goblin
             ... wielding a +0 mace
             ... led by Robin
              (6 damage)
             ... on level 4 of the Dungeon.
             The game lasted 00:05:43 (1473 turns).

Darius099 the Trooper (Gargoyle Fighter)            Turns: 1473, Time: 00:05:44

Health: -2/40      AC: 21    Str: 20    XL:     6   Next: 48%
Magic:  6/6        EV:  5    Int:  8    God:
Gold:   192        SH:  5    Dex: 11    Spells: 5/5 levels left

rFire   . . .      SeeInvis .    a - +0 flail
rCold   . . .      Faith    .    c - +0 buckler
rNeg    + . .      Spirit   .    k - +0 plate armour
rPois   ∞          Reflect  .    (no helmet)
rElec   +          Harm     .    (no cloak)
rCorr   .          Rampage  .    n - +2 pair of gloves
Will    .....                    b - +0 pair of boots Stlth
                                 (no amulet)
HPRegen 0.26/turn                o - ring of flight
MPRegen 0.10/turn                (no ring)

@: flying
A: sickness immunity, AC +4, negative energy resistance 1, electricity
resistance, torment resistance 1, petrification resistance
a: no special abilities


You were on level 4 of the Dungeon.
You visited 1 branch of the dungeon, and saw 4 of its levels.

You collected 192 gold pieces.

Inventory:

Hand Weapons
 a - a +0 flail (weapon)
Armour
 b - a +0 pair of boots (worn)
 c - a +0 buckler (worn)
 k - a +0 plate armour (worn)
 n - a +2 pair of gloves (worn)
Jewellery
 o - a ring of flight (left hand)
 r - a +6 ring of dexterity
 t - an amulet of faith
Scrolls
 g - 7 scrolls of identify {unknown}
 h - a scroll of acquirement {unknown}
 m - a scroll of noise {unknown}
 s - a scroll of teleportation {unknown}
 u - a scroll of fear {unknown}
 v - a scroll of magic mapping {unknown}
Potions
 d - a potion of might
 e - a potion of cancellation {unknown}
 f - a potion of magic {unknown}
 i - a potion of heal wounds {unknown}
 j - a potion of attraction {unknown}
 l - a potion of lignification {unknown}
 p - a potion of brilliance {unknown}
 q - a potion of flight {unknown}
 w - 2 potions of curing {unknown}


   Skills:
 + Level 4.8 Fighting
 + Level 3.7 Maces & Flails
 + Level 4.8 Armour
 + Level 4.7 Shields


You had 5 spell levels left.
You didn't know any spells.
Your spell library was empty.

Dungeon Overview and Level Annotations

Branches:
Dungeon (4/15)
 Temple: D:4-7

Altars:
Hepliaklqana

Annotations:
D:3 1 runed translucent door, Crazy Yiuf
D:4 Robin


Innate Abilities, Weirdness & Mutations

You are immune to sickness and miasma.
Your stone body is resilient. (AC +4)
You are immune to poison.
You resist negative energy. (rN+)
You are resistant to electric shocks. (rElec)
You are resistant to unholy torment.
You are immune to petrification.


Message History

The hobgoblin hits you but does no damage.
The goblin hits you with a +0 dagger.
The hobgoblin hits you but does no damage.
Robin hits you but does no damage. The goblin hits you but does no damage.
The goblin hits you with a +0 dagger. The goblin hits you but does no damage.
The hobgoblin hits you but does no damage.
You hit the goblin.
The goblin is severely wounded.
The goblin hits you but does no damage. You block the goblin's attack.
The hobgoblin barely misses you.
The hobgoblin hits you but does no damage.
Robin hits you but does no damage. The goblin hits you but does no damage.
The hobgoblin attacks as you move away! You block the hobgoblin's attack.
You block the goblin's attack.
Robin roars a battlecry!
The hobgoblin goes into a battle-frenzy!
Things that are here:
a +0 club; a goblin corpse You closely miss Robin.
The goblin hits you but does no damage. The hobgoblin hits you.
The goblin hits you but does no damage. Robin barely misses you.
The hobgoblin barely misses you. The goblin hits you but does no damage.
You hit Robin but do no damage. The goblin hits you but does no damage.
The hobgoblin barely misses you. The goblin hits you but does no damage.
Robin barely misses you.
The hobgoblin hits you but does no damage.
The goblin hits you with a +0 dagger.
* * * LOW HITPOINT WARNING * * *
The hobgoblin hits you with a +0 club.
* * * LOW HITPOINT WARNING * * *
You closely miss Robin.
The hobgoblin hits you but does no damage.
You block the goblin's attack. The goblin hits you but does no damage.
Robin hits you but does no damage. You block the hobgoblin's attack. x2
The goblin hits you but does no damage. The goblin hits you with a +0 dagger.
* * * LOW HITPOINT WARNING * * *
The hobgoblin hits you.
* * * LOW HITPOINT WARNING * * *
The goblin hits you with a +0 mace.
You die...

+.....## #.....#
#.....# #..<..#
#.....#
###+###.....#
#...........#
#...ggg.....#
#...g@g.....#
#...g.g.......
#.......?......
..'..............
..#..............
. ##.....#+###..
#.....# ..
#.....#


You could see Robin, 3 hobgoblins and 3 goblins.

Vanquished Creatures
  Grinder (D:4)
  Jessica (D:3)
  4 adders
  A worm (D:2)
  2 dart slugs
  3 ball pythons (D:2)
  6 endoplasms
  2 giant cockroaches
  8 goblins
  4 hobgoblins
  10 jackals
  A quokka (D:3)
  5 bats
  A frilled lizard (D:3)
  3 kobolds
  3 rats
55 creatures vanquished.

Notes
Turn   | Place    | Note
-------+----------+-------------------------------------------
     0 | D:1      | Darius099 the Gargoyle Fighter began the quest for the Orb.
     0 | D:1      | Reached XP level 1. HP: 14/14 MP: 1/1
    81 | D:1      | Reached XP level 2. HP: 7/19 MP: 2/2
   149 | D:1      | You fall into a shaft and drop 1 floor!
   238 | D:2      | Reached XP level 3. HP: 17/23 MP: 3/3
   360 | D:2      | Reached XP level 4. HP: 17/29 MP: 4/4
   908 | D:3      | Found a runed translucent door.
   909 | D:3      | Noticed Crazy Yiuf
   994 | D:3      | Found a hazy altar of Hepliaklqana.
  1195 | D:3      | Noticed Jessica
  1213 | D:3      | Killed Jessica
  1214 | D:3      | Reached XP level 5. HP: 29/33 MP: 5/5
  1445 | D:4      | Noticed Grinder
  1453 | D:4      | Paralysed by Grinder for 3 turns
  1460 | D:4      | Noticed Robin
  1464 | D:4      | Killed Grinder
  1465 | D:4      | Reached XP level 6. HP: 36/40 MP: 6/6
  1473 | D:4      | Slain by a goblin

Illustrated notes

Levels and vault maps discovered:
D:1:      eino_arrival_cavern_e, layout_basic, lexackson_kobold_supper
D:2:      layout_rooms
D:3:      layout_rooms, nicolae_hepliaklqana_hippocampus,
          kennysheep_jessica_study, uniq_crazy_yiuf_cottage
D:4:      layout_gridville, kiku_gazebo_garden_becter,
          minmay_temple_entry_nine_rooms, nicolae_underground_beach, uniq_robin,
          uniq_grinder

Skill      XL: |  1  2  3  4 |
---------------+-------------+-----
Fighting       | 4 |  4.8
Armour         | 4 |  4.8
Shields        | 4 |  4.7
Maces & Flails | 3 |  3.7

Action                   |  1- 3 |  4- 6 || total
-------------------------+-------+-------++-------
Melee: Flail             |   111 |    99 ||   210
Armor: Scale mail        |   133 |    20 ||   153
       Plate armour      |       |    67 ||    67
       Skin              |       |    69 ||    69
Dodge: Dodged            |   128 |    35 ||   163
Block: Buckler           |    46 |    37 ||    83

Table legend: (Time is in decaauts)
 A = Elapsed time spent in this place.
 B = Non-inter-level travel time spent in this place.
 C = Inter-level travel time spent in this place.
 D = Time resting spent in this place.
 E = Time spent auto-exploring this place.
 F = Levels seen in this place.
 G = Mean time per level.
                   A        B        C        D        E       F      G
               +--------+--------+--------+--------+--------+-----+--------+
         Total |   1538 |   1443 |     95 |      3 |    758 |   4 |  384.5 |
       Dungeon |   1538 |   1443 |     95 |      3 |    758 |   4 |  384.5 |
               +--------+--------+--------+--------+--------+-----+--------+

Top non-repeatable levels by time:
     D:3: 656 daAuts
     D:2: 649 daAuts
     D:1: 156 daAuts
     D:4: 75 daAuts
